AoeStats
← 0800goon

Arabia

510320597Analyzed
3v3 RM · 2d ago on Sep 30, 2026· 55m 33s· 6 players
Game mode
Random Map
Map size
Normal (6 player)
Population
200
Speed
Normal
Resources
Standard
Victory
Conquest
Starting age
Dark Age
Ending age
Imperial Age
RankedLock teamsTeams togetherTeam positionsShared explorationLock speedFull tech treeHidden civsTurbo modeCheats
Victory
Defeat
🇫🇷 Byzantines · France
764
+19
🇫🇷 Britons · France
705
+22
🇫🇷 Vietnamese · France
691
+22
🇺🇸 Vikings · United States
912
-23
🇦🇷 Wei · Argentina
822
-21
🇩🇰 Varangians · Denmark
776
-19
Mongkadai
2:56 Loom
11:37 Feudal Age
16:08 Double-Bit Axe
21:46 Fletching
24:08 Castle Age
23:08 Forging
23:27 Padded Archer Armor
24:17 Horse Collar
24:45 Scale Mail Armor
24:20 Pikeman
25:10 Crossbowman
31:33 Town Watch
31:47 Bodkin Arrow
38:43 Iron Casting
39:22 Chain Mail Armor
39:12 Squires
44:18 Chieftains
46:55 Imperial Age
48:00 Conscription
50:18 Elite Varangian Guard
53:42 Elite Skirmisher
0800goon
0:38 Loom
12:46 Feudal Age
14:09 Wheelbarrow
13:36 Double-Bit Axe
21:35 Forging
21:25 Scale Mail Armor
21:24 Gold Mining
21:25 Stone Mining
21:37 Horse Collar
26:54 Castle Age
29:32 Fletching
29:42 Padded Archer Armor
33:30 Bodkin Arrow
34:10 Iron Casting
34:34 Iron Casting
34:29 Pikeman
35:09 Squires
38:09 Murder Holes
38:35 Ballistics
39:40 Chain Mail Armor
39:32 Scale Barding Armor
LUSK
10:54 Feudal Age
11:37 Double-Bit Axe
15:03 Loom
24:26 Castle Age
24:05 Bloodlines
24:04 Scale Barding Armor
JAQUY
7:05 Loom
10:12 Feudal Age
10:49 Double-Bit Axe
11:07 Horse Collar
13:12 Scale Barding Armor
18:15 Wheelbarrow
26:08 Castle Age
24:15 Fletching
27:20 Thumb Ring
26:42 Elite Skirmisher
28:36 Pikeman
29:17 Squires
29:05 Gambesons
53:06 Imperial Age
51:27 Hand Cart
53:25 Forging
53:36 Chain Barding Armor
55:45 Plate Barding Armor
55:56 Iron Casting
55:17 Bodkin Arrow
55:24 Padded Archer Armor
Dubleb20
3:59 Loom
12:24 Feudal Age
17:01 Castle Age
15:53 Double-Bit Axe
16:54 Horse Collar
17:24 Scale Barding Armor
19:08 Forging
20:17 Husbandry
29:11 Gold Mining
30:30 Heavy Plow
33:26 Crossbowman
39:24 Thumb Ring
43:38 Imperial Age
46:16 Chain Barding Armor
46:32 Iron Casting
50:23 Imperial Age
52:35 Ballistics
Nilenwo
7:28 Loom
10:36 Feudal Age
13:04 Double-Bit Axe
19:36 Castle Age
23:22 Stone Mining
24:20 Wheelbarrow
23:38 Crossbowman
25:51 Hand Cart
27:51 Town Watch
34:07 Town Patrol
41:10 Imperial Age
38:42 Horse Collar
41:57 Yeomen
42:12 Elite Longbowman
43:43 Fletching
43:53 Padded Archer Armor
44:04 Forging
43:58 Cranequins
45:10 Bow Saw
45:27 Heavy Plow
46:04 Leather Archer Armor
45:56 Bodkin Arrow
46:36 Iron Casting
46:40 Pikeman
47:04 Man-at-Arms
47:47 Elite Skirmisher
49:25 Ballistics
50:14 Chemistry
51:28 Long Swordsman
51:53 Gambesons
Connection lost

Rejoining the realm…

Still unreachable

The connection could not be restored.

Session expired

The server has moved on; the page needs a fresh start.